 Dungeon Crawl Stone Soup version 0.24-a0-504-gcfb02b9 (webtiles) character file.

Game seed: 7514076250276760144

212 2FriedEggs the Covered (level 5, -9/47 HPs)
             Began as a Minotaur Fighter on July 16, 2019.
             Killed by divine providence
             ... invoked by an orc priest
              (14 damage)
             ... on level 3 of the Dungeon.
             The game lasted 00:04:10 (2393 turns).

2FriedEggs the Covered (Minotaur Fighter)           Turns: 2393, Time: 00:04:11

Health: -9/47      AC:  9    Str: 20    XL:     5   Next: 58%
Magic:  4/4        EV:  6    Int:  5    God:
Gold:   84         SH:  9    Dex: 11    Spells: 4/4 levels left

rFire    . . .     SeeInvis .   u - +4 flail (crush)
rCold    . . .     Gourm    .   c - +0 shield
rNeg     + . .     Faith    .   x - +0 chain mail
rPois    .         Spirit   .   (helmet restricted)
rElec    .         Reflect  .   w - scarf {repulsion}
rCorr    .         Harm     .   (no gloves)
MR       .....                  (no boots)
Stlth    ..........             (no amulet)
HPRegen  0.15/turn              t - ring of positive energy
MPRegen  0.09/turn              (no ring)

@: repel missiles
A: retaliatory headbutt, horns 2
a: no special abilities


You were on level 3 of the Dungeon.
You were not hungry.

You visited 1 branch of the dungeon, and saw 3 of its levels.

You collected 84 gold pieces.

Inventory:

Hand Weapons
 u - a +4 flail of crushing (weapon)
Armour
 c - a +0 shield (worn)
 w - a scarf of repulsion (worn)
 x - a +0 chain mail (worn)
Jewellery
 t - a ring of positive energy (left hand)
Wands
 a - a wand of scattershot (3)
Scrolls
 i - 3 scrolls of remove curse {unknown}
 k - a scroll of immolation {unknown}
 m - 2 scrolls of identify {unknown}
 o - a scroll of amnesia {unknown}
 p - 3 scrolls of teleportation {unknown}
 q - 2 scrolls of enchant weapon {unknown}
 r - a scroll of noise {unknown}
 v - a scroll of enchant armour {unknown}
Potions
 b - 2 potions of flight {unknown}
 d - 3 potions of might
 e - 2 potions of magic {unknown}
 h - 2 potions of degeneration {unknown}
 j - a potion of mutation {unknown}
 l - a potion of agility {unknown}
 n - a potion of haste {unknown}
 s - a potion of lignification {unknown}
Comestibles
 f - 9 rations
 g - 6 chunks of flesh


   Skills:
 + Level 4.6 Fighting
   Level 4.4(4.6) Axes
 * Level 1.7(3.3) Maces & Flails
 + Level 4.7 Armour
 + Level 2.3 Dodging
 - Level 3.6 Shields


You had 4 spell levels left.
You didn't know any spells.
Your spell library was empty.

Dungeon Overview and Level Annotations

Branches:
Dungeon (3/15)

Altars:


Innate Abilities, Weirdness & Mutations

You reflexively headbutt those who attack you in melee.
You have a pair of horns on your head.


Message History

The orc hits you from afar with a +0 trident.
The orc hits you with a +0 flail. The orc hits you with a +0 whip.
The orc priest hits you but does no damage.
You closely miss the orc priest. Your headbutt misses the orc priest.
The orc priest is lightly wounded.
The orc priest hits you but does no damage.
The orc hits you but does no damage. You block the orc's attack.
The orc barely misses you.
The orc priest hits you but does no damage. x2
You hit the orc priest.
The orc priest is heavily wounded.
The orc completely misses you. You block the orc's attack.
You block the orc priest's attack. The orc hits you but does no damage.
The orc priest calls down the wrath of Beogh upon you.
Beogh smites you!
* * * LOW HITPOINT WARNING * * *
The orc barely misses you.
The orc priest mumbles some strange prayers to Beogh against you.
Beogh smites you!
You die...

........#.# #.# .....
.####...#.# #.# .....
.# #...#.. #.# ).....
.####...##(## #.#
[..... ........)#..#
#.##......
.###.....##.##
#.#....... .#
#.###.##..###.#o...#
####.###....(..#.ooo..#
###≈.≈≈##.##.#.#@#....#
.≈≈≈≈≈≈≈.###...#.#.o..#
≈≈≈≈≈≈≈≈≈####..#.#....#
≈≈≈≈.(≈#≈≈≈#...#.#....#
≈≈≈...≈≈≈#≈....#.#....#
≈≈≈≈..≈≈≈≈≈≈#..#.#....#
≈≈≈≈.#≈#≈≈≈≈≈#.#.#....#
#≈≈..)≈≈≈≈≈≈≈#...#
≈≈≈.<÷≈≈≈≈≈≈.....#


You could see 2 orc priests and 2 orcs.

Vanquished Creatures
  An orc priest (D:3)
  Jessica (D:3)
  Ijyb (D:3)
  A gnoll (D:2)
  2 adders
  3 worms
  9 dart slugs
  2 leopard geckos (D:3)
  5 orcs
  A ball python (D:1)
  7 giant cockroaches
  5 goblins
  6 hobgoblins
  8 jackals
  4 bats
  3 frilled lizards
  4 kobolds
  11 rats
74 creatures vanquished.

Notes
Turn   | Place    | Note
-------+----------+-------------------------------------------
     0 | D:1      | 2FriedEggs the Minotaur Fighter began the quest for the
                  | Orb.
     0 | D:1      | Reached XP level 1. HP: 19/19 MP: 0/0
   186 | D:1      | Reached XP level 2. HP: 25/27 MP: 1/1
   407 | D:1      | Reached skill level 1 in Dodging
   878 | D:2      | Reached XP level 3. HP: 7/33 MP: 2/2
  1350 | D:2      | Found a faded altar of an unknown god.
  1736 | D:2      | Reached XP level 4. HP: 40/40 MP: 3/3
  1774 | D:3      | Noticed Jessica
  1782 | D:3      | Killed Jessica
  1804 | D:3      | Reached XP level 5. HP: 32/47 MP: 4/4
  2142 | D:3      | Reached skill level 1 in Maces & Flails
  2297 | D:3      | Noticed Ijyb
  2307 | D:3      | Killed Ijyb
  2393 | D:3      | Killed from afar by an orc priest

Levels and vault maps discovered:
D:1:      dpeg_arrival_chambers_temple_mockup, layout_basic,
          palyth_stone_intersect
D:2:      layout_basic, chequers_ecumenical_altar_simple_redux,
          minmay_joined_circles
D:3:      kennysheep_slugbush, layout_basic, first_ration, uniq_ijyb,
          uniq_jessica

Skill      XL: |  1  2  3  4  5 |
---------------+----------------+-----
Axes           | 3 4 |  4.4
Dodging        | 1 2 |  2.3
Fighting       | 4 |  4.6
Armour         | 4 |  4.7
Maces & Flails | 1 |  1.7
Shields        | |  3.6

Action                   |  1- 3 |  4- 6 || total
-------------------------+-------+-------++-------
Melee: War axe           |   102 |    18 ||   120
       Headbutt          |    13 |    11 ||    24
       Flail             |       |    50 ||    50
  Eat: Chunk             |     3 |     2 ||     5
Armor: Scale mail        |    64 |    14 ||    78
       Chain mail        |       |    30 ||    30
Dodge: Dodged            |    35 |    25 ||    60
       Deflected         |       |     1 ||     1
Block: Shield            |    50 |    38 ||    88

Table legend:
 A = Non-vault XP
 B = Vault XP
 C = Vault XP percentage of total XP
 D = Non-vault monster count
 E = Vault monster count
 F = Vault count percentage of total count
                 A         B        C        D         E       F
            +---------+---------+-------+---------+---------+-------
      Total |     154 |     150 |  49.3 |      55 |      19 |  25.7
            +---------+---------+-------+---------+---------+-------
        D:1 |      32 |       0 |   0.0 |      20 |       0 |   0.0
        D:2 |      21 |      45 |  68.2 |      13 |       9 |  40.9
        D:3 |     101 |     105 |  51.0 |      22 |      10 |  31.2
            +---------+---------+-------+---------+---------+-------
